 Dungeon Crawl Stone Soup version 0.18-a0-1293-g5a2c81a (webtiles) character file.

5223 MDvedh the Cruncher (level 10, -2/67 HPs)
             Began as a Formicid Gladiator on Feb 10, 2016.
             Was a Priest of Okawaru.
             Slain by a fire bat (9 damage)
             ... on level 8 of the Dungeon.
             The game lasted 00:17:45 (9779 turns).

MDvedh the Cruncher (Formicid Gladiator)            Turns: 9779, Time: 00:17:45

Health: -2/67      AC: 12    Str: 21    XL:     10   Next: 92%
Magic:  10/10      EV:  7    Int:  9    God:    Okawaru [***...]
Gold:   264        SH:  5    Dex: 14    Spells: 0 memorised, 9 levels left

rFire  . . .     SeeInvis +     a - +0 quarterstaff
rCold  . . .     Gourm    +     y - +0 plate armour
rNeg   . . .     Faith    .     t - +0 buckler
rPois  +         Spirit   .     (helmet unavailable)
rElec  .         Dismiss  .     (no cloak)
rCorr  .         Reflect  .     k - +0 pair of gloves
SustAt .         Harm     .     (no boots)
MR     +....                    h - amulet of the gourmand
Stlth  ..........               (no ring)
                                A - ring of stealth

@: somewhat resistant to hostile enchantments, extremely unstealthy
A: permanent stasis, dig shafts and tunnels, four strong arms, antennae 3,
poison resistance, strong 1
a: Dig, Shaft Self, Heroism, Renounce Religion


You were on level 8 of the Dungeon.
You worshipped Okawaru.
Okawaru was most pleased with you.
You were not hungry.

You visited 2 branches of the dungeon, and saw 9 of its levels.

You collected 394 gold pieces.
You spent 130 gold pieces at shops.

Inventory:

Hand Weapons
 a - a +0 quarterstaff (weapon)
Missiles
 c - 3 throwing nets (quivered)
Armour
 k - a +0 pair of gloves (worn)
 t - a +0 buckler (worn)
 y - a +0 plate armour (worn)
Jewellery
 h - an amulet of the gourmand (around neck)
 A - a ring of stealth (left hand)
Wands
 b - a wand of random effects (27/48)
 j - a wand of enslavement (16/24)
 p - a wand of slowing (22/48)
 B - a wand of iceblast (6/15)
Scrolls
 e - 2 scrolls of amnesia
 g - a scroll of identify
 i - a scroll of enchant weapon
 m - 2 scrolls of immolation
 o - 3 scrolls of remove curse
 s - 2 scrolls of recharging
Potions
 f - a potion of might
 l - 2 potions of brilliance
 n - 7 potions of curing
 r - a potion of resistance
 u - a potion of agility
 w - a potion of lignification {unknown}
Books
 v - a book of Enchantments

   Spells                             Type                      Level
   a - Cause Fear                     Hexes                        4
   b - Yara's Violent Unravelling     Hexes/Transmutation          5
   c - Silence                        Hexes/Air                    5
   d - Deflect Missiles               Charms/Air                   6
   e - Haste                          Charms                       6
   f - Discord                        Hexes                        8
Comestibles
 d - 6 bread rations
 q - 2 beef jerkies
 x - 7 slices of pizza


   Skills:
 - Level 2.1 Fighting
 - Level 14.2 Staves
 - Level 2.0 Throwing
 + Level 3.7 Armour
 - Level 2.6 Dodging
 + Level 4.0 Shields


You had 9 spell levels left.
You didn't know any spells.

Dungeon Overview and Level Annotations

Branches:
Dungeon (8/15)             Temple (1/1) D:6
   Lair: D:8-11

Altars:
Ashenzari
Cheibriados
Elyvilon
Fedhas
Gozag
Kikubaaqudgha
Makhleb
Nemelex Xobeh
Okawaru
Pakellas
Qazlal
Ru
Trog
Vehumet
Yredelemnul
The Shining One

Shops:
D:4 *

Annotations:
D:3 Duffy's ghost, novice HOFE
D:8 1 runed door


Innate Abilities, Weirdness & Mutations

You are under a permanent stasis effect.
You can dig through walls and to a lower floor.
Your four strong arms can wield two-handed weapons with a shield.
You have a pair of large antennae on your head (SInv).
Your system is resistant to poisons.
Your muscles are strong. (Str +2)


Message History

* * * LOW HITPOINT WARNING * * *
The fire bat bites you but does no damage.
You are too injured to fight recklessly!
You are too injured to fight recklessly!
You are too injured to fight recklessly!
You completely miss the fire bat.
The fire bat is heavily wounded.
The fire bat bites you but does no damage.
The megabat barely misses you.
Unknown command.
The megabat moves out of view.
The fire bat bites you.
* * * LOW HITPOINT WARNING * * *
You are engulfed in flames!
* * * LOW HITPOINT WARNING * * *
The megabat hits you but does no damage.
The fire bat completely misses you. You block the megabat's attack.
The fire bat bites you.
* * * LOW HITPOINT WARNING * * *
You are engulfed in flames!
You die...

..####### ##.###...##.##...#
......# #...# #÷##...##'## {{{
......# #.⌠.###.†.......# {{
....#.## #...÷#..###'###..#
{{{ ##.##.##..
##.##..###...###..# {
#.####.....###..##†......##..#
#.# .._...†...÷††.._...+ ...+
#.# .....###.b##.......# /.##
#.# #.. ##.##@b###...### ##{
#.### # #...'#bb###+### #...##
####...###........
###..###.##...# #b##8.8##
##.#...###.## {.W +##{ #...###
## ..⌠.. { ##.## ##...##{ ###
#####


You could see a shadow, a fire bat and 4 megabats.

Vanquished Creatures
  2 centaur zombies
  3 wraiths (D:8)
  4 fire bats (D:8)
  A human (D:7)
  2 hungry ghosts
  A water moccasin (D:7)
  An orc warrior (D:7)
  3 ice beasts
  3 sky beasts
  A phantom (D:7)
  6 ogres
  2 necrophages (D:7)
  4 centaurs
  4 big kobolds (D:8)
  A giant frog (D:5)
  5 hounds
  4 crimson imps
  2 jellies
  2 orc priests (D:7)
  6 orc wizards
  4 worker ants
  4 sheep (D:7)
  A worker ant zombie (D:6)
  11 adders
  2 shadow imps
  An ooze (D:3)
  3 worms
  4 giant geckos
  20 orcs
  A ball python (D:3)
  2 giant cockroaches
  4 goblins
  7 hobgoblins
  9 jackals
  11 kobolds
  4 quokkas
  49 bats
  4 giant newts
  A jackal zombie (D:5)
  A rat (D:1)
200 creatures vanquished.

Notes
Turn   | Place    | Note
--------------------------------------------------------------
     0 | D:1      | MDvedh the Formicid Gladiator began the quest for the Orb.
     0 | D:1      | Reached XP level 1. HP: 16/16 MP: 1/1
   217 | D:1      | Reached XP level 2. HP: 19/22 MP: 2/2
  1122 | D:2      | Reached skill level 4 in Staves
  1122 | D:2      | Reached XP level 3. HP: 22/27 MP: 3/3
  1439 | D:2      | Reached XP level 4. HP: 30/33 MP: 4/4
  1802 | D:3      | Found a white marble altar of Elyvilon.
  1900 | D:3      | Reached skill level 5 in Staves
  2044 | D:3      | Reached XP level 5. HP: 24/38 MP: 5/5
  2052 | D:3      | Noticed Duffy's ghost (novice HOFE)
  2702 | D:3      | Found a basalt altar of Yredelemnul.
  2707 | D:3      | Found a glowing golden altar of the Shining One.
  2918 | D:4      | Reached skill level 6 in Staves
  3172 | D:4      | Noticed an ogre
  3187 | D:4      | Killed an ogre
  3187 | D:4      | Reached XP level 6. HP: 22/44 MP: 6/6
  3564 | D:4      | Noticed an ogre
  3940 | D:4      | Found Huom's Assorted Antiques.
  3942 | D:4      | Noticed an ogre
  3956 | D:4      | Killed an ogre
  3956 | D:4      | Reached skill level 7 in Staves
  3956 | D:4      | Reached XP level 7. HP: 39/50 MP: 7/7
  4040 | D:4      | Bought a runed cloak for 130 gold pieces
  4420 | D:5      | Entered Level 5 of the Dungeon
  4459 | D:5      | Reached skill level 8 in Staves
  4853 | D:5      | Reached XP level 8. HP: 35/56 MP: 8/8
  5009 | D:5      | Reached skill level 9 in Staves
  5626 | D:5      | Reached skill level 10 in Staves
  5630 | D:5      | Gained mutation: Your system is resistant to poisons. [mutagenic meat]
  5631 | D:5      | Gained mutation: Your muscles are strong. (Str +2) [mutagenic meat]
  5834 | D:6      | Reached XP level 9. HP: 27/61 MP: 9/9
  6020 | D:6      | Reached skill level 11 in Staves
  6204 | D:6      | Found a staircase to the Ecumenical Temple.
  6213 | Temple   | Entered the Ecumenical Temple
  6323 | D:6      | Found a stormy altar of Qazlal.
  6323 | D:6      | Found an ancient bone altar of Kikubaaqudgha.
  6329 | D:6      | Found a snail-covered altar of Cheibriados.
  6927 | D:6      | Found an iron altar of Okawaru.
  6937 | D:6      | Became a worshipper of Warmaster Okawaru
  7042 | D:6      | Found an oddly glowing altar of Pakellas.
  7559 | D:7      | Reached skill level 12 in Staves
  7965 | D:7      | Reached * piety under Okawaru
  8432 | D:7      | Reached XP level 10. HP: 65/67 MP: 10/10
  8434 | D:7      | Reached skill level 13 in Staves
  8918 | D:8      | Reached ** piety under Okawaru
  9297 | D:8      | Reached skill level 14 in Staves
  9425 | D:8      | Found a blossoming altar of Fedhas.
  9530 | D:8      | Reached skill level 1 in Armour
  9530 | D:8      | Reached skill level 1 in Shields
  9543 | D:8      | Found a basalt altar of Yredelemnul.
  9550 | D:8      | Reached *** piety under Okawaru
  9587 | D:8      | Found a runed door.
  9592 | D:8      | Found a basalt altar of Yredelemnul.
  9779 | D:8      | Slain by a fire bat

Vault maps used:
D:1:      mrwooster_arrival_arrow
D:3:      grunt_temple_overflow_holy_war, elyvilon_altar_5,
          minmay_misc_feat_ornament
D:4:      serial_shops, shop_fountains, first_bread
D:6:      marbit_many_paths, okawaru_trees_2, grunt_temple_overflow_open,
          st_stairs_5
D:7:      grunt_livestock
D:8:      due_megacathedral, overflow_temple_1_default,
          gammafunk_temple_overflow_forgotten, special_room
Temple:   temple_of_Zot_orb

Action                   |  1- 3 |  4- 6 |  7- 9 | 10-12 || total
-------------------------+-------+-------+-------+-------++-------
Melee: Quarterstaff      |    82 |   194 |   361 |   381 ||  1018
Evoke: Wand              |       |     5 |     2 |     1 ||     8
  Use: Scroll            |     2 |       |    13 |       ||    15
       Potion            |       |     1 |     1 |       ||     2
  Eat: Chunk             |     2 |     4 |    15 |    10 ||    31
       Beef jerky        |       |     2 |       |       ||     2
       Bread ration      |       |       |     1 |       ||     1
       Pizza             |       |       |     1 |       ||     1
       Meat ration       |       |       |       |     1 ||     1
